 Dungeon Crawl Stone Soup version 0.21-a0-528-gf531e82 (webtiles) character file.

13846 Amnesiac the Archer (level 11, -16/87 HPs)
             Began as a Mummy Hunter on Dec 8, 2017.
             Was a High Priest of Okawaru.
             Demolished by an orc knight
             ... wielding a +0 battleaxe
              (22 damage)
             ... on level 11 of the Dungeon.
             The game lasted 00:33:50 (16451 turns).

Amnesiac the Archer (Mummy Hunter)                 Turns: 16451, Time: 00:33:51

Health: -16/87     AC: 15    Str: 19    XL:     11   Next: 80%
Magic:  16/16      EV: 17    Int: 15    God:    Okawaru [*****.]
Gold:   695        SH:  0    Dex: 16    Spells: 5/17 levels left

rFire    . . .     SeeInvis .   b - +2 dagger (venom)
rCold    + . .     Gourm    .   (no shield)
rNeg     + + +     Faith    .   P - +1 steam dragon scales
rPois    ∞         Spirit   .   h - +0 helmet
rElec    .         Reflect  .   z - +0 cloak
rCorr    .         Harm     .   O - +0 pair of gloves "Don Barch" {rF+ Int+4}
MR       +....                  i - +0 pair of boots
Stlth    ++........             u - amulet of magic regeneration
HPRegen  0.24/turn              g - +3 ring of protection
MPRegen  0.40/turn              x - +4 ring of dexterity

@: no status effects
A: no food or potions, fire vulnerability, cold resistance 1, negative energy
resistance 3, torment resistance, unbreathing
a: Heroism, Finesse, Renounce Religion


You were on level 11 of the Dungeon.
You worshipped Okawaru.
Okawaru was extremely pleased with you.
You were not hungry.

You visited 2 branches of the dungeon, and saw 12 of its levels.
You also visited: Ossuary.

You collected 695 gold pieces.

Inventory:

Hand Weapons
 a - a +1 shortbow
 b - a +2 dagger of venom (weapon)
 s - a +0 blowgun
 w - a +0 hunting sling
 H - a +2 vampiric battleaxe
 J - a +3 flail of protection
Missiles
 c - a throwing net
 d - 293 arrows
 m - 93 sling bullets
 n - 231 stones (quivered)
 r - 14 poisoned needles
 A - 7 needles of frenzy
 G - 2 needles of sleeping
Armour
 h - a +0 helmet (worn)
 i - a +0 pair of boots (worn)
 p - a +0 pair of gloves
 q - a +0 buckler
 z - a +0 cloak (worn)
 M - a +2 plate armour of positive energy
 O - the +0 pair of gloves "Don Barch" (worn) {rF+ Int+4}
   (You found it on level 9 of the Dungeon)

   It affects your intelligence (+4).
   It protects you from fire.
 P - +1 steam dragon scales (worn)
Magical Staves
 E - an uncursed staff of fire
Jewellery
 g - a +3 ring of protection (left hand)
 u - an amulet of magic regeneration (around neck)
 x - a +4 ring of dexterity (right hand)
Wands
 o - a wand of flame (65)
 v - a wand of scattershot (4)
 y - a wand of polymorph (31)
 D - a wand of acid (8)
 F - a wand of random effects (47)
 K - a wand of disintegration (11)
Scrolls
 e - 4 scrolls of magic mapping {!r}
 f - 5 scrolls of remove curse {!r}
 j - 3 scrolls of enchant weapon {!r}
 k - 3 scrolls of amnesia {!r}
 l - 6 scrolls of teleportation {!r}
 t - 3 scrolls of noise {!r}
 C - a scroll of enchant armour {!r}
 Q - a scroll of brand weapon {!r, unknown}
Books
 I - a book of Misfortune

   Spells                             Type                      Level
   a - Confusing Touch                Hexes                        1
   b - Confuse                        Hexes                        3
   c - Gell's Gravitas                Translocation                3
   d - Petrify                        Transmutation/Earth          4
   e - Metabolic Englaciation         Hexes/Ice                    5
   f - Yara's Violent Unravelling     Hexes/Transmutation          5
 L - a book of Minor Magic

   Spells                             Type                      Level
   a - Magic Dart                     Conjuration                  1
   b - Blink                          Translocation                2
   c - Call Imp                       Summoning                    2
   d - Slow                           Hexes                        2
   e - Conjure Flame                  Conjuration/Fire             3
   f - Mephitic Cloud                 Conjuration/Poison/Air       3
Miscellaneous
 B - a box of beasts
 N - a lightning rod (4/4)


   Skills:
 + Level 8.3 Fighting
 * Level 10.2 Bows
 + Level 6.9 Armour
 + Level 7.0 Dodging
 - Level 0.7 Stealth
 + Level 3.5 Spellcasting
 + Level 4.9 Invocations


You had 5 spell levels left.
You knew the following spells:

 Your Spells              Type           Power        Failure   Level  Hunger
a - Mephitic Cloud        Conj/Pois/Air  #.......     50%         3    N/A
e - Confuse               Hex            #.......     50%         3    N/A
s - Conjure Flame         Conj/Fire      #.......     50%         3    N/A
v - Blink                 Tloc           N/A          28%         2    N/A
z - Confusing Touch       Hex            #.....       19%         1    N/A

Dungeon Overview and Level Annotations

Branches:
Dungeon (10/15)            Temple (1/1) D:6            Lair (0/6) D:11
    Orc: D:9-12

Altars:
Ashenzari
Cheibriados
Dithmenos
Elyvilon
Fedhas
Gozag
Hepliaklqana
Kikubaaqudgha
Makhleb
Nemelex Xobeh
Okawaru
Qazlal
Ru
Sif Muna
Trog
Uskayaw
Vehumet
Wu Jian
Xom
Yredelemnul
Zin
The Shining One

Shops:
D:4 [*(

Annotations:
D:4 Gerstahl's ghost, novice GrMo


Innate Abilities, Weirdness & Mutations

You do not eat or drink.
Your flesh is vulnerable to fire.
You are immune to poison.
Your flesh is cold resistant. (rC+)
You are immune to negative energy. (rN+++)
You are immune to unholy pain and torment.
You can survive without breathing.


Message History

The orc warrior closely misses you.
There is an open door here.
You hit the orc knight.
The orc knight looks as sick as possible!
The orc knight is lightly wounded.
The orc knight hits you with a battleaxe.
The orc knight roars a battlecry!
The orc warrior goes into a battle-frenzy!
There is an open door here.
Things that are here:
a ring mail; an orc skeleton You strike the helpless orc warrior from behind!
You hit the orc warrior but do no damage.
The orc warrior closely misses you.
Casting: Conjure Flame
Confirm with . or Enter, or press ? or * to list all spells.
You blink.
The orc warrior throws a tomahawk.
The tomahawk barely misses you.
The orc shouts!
You hear a shout!
The orc knight roars a battlecry!
There is an open door, spattered with blood here.
You see here an arrow.
You swing at nothing.
You swing at nothing.
You closely miss the orc knight.
The orc knight is severely wounded.
The orc knight roars a battlecry!
The orcs go into a battle-frenzy!
The orc misses you.
You barely miss the orc knight.
The orc knight is severely wounded.
The orc knight hits you but does no damage.
The orc misses you.
The orc warrior hits you from afar with a trident.
You see here 2 arrows.
You hit the orc.
The orc is poisoned.
The orc is almost dead.
You kill the orc!
Okawaru accepts your kill.
You hit the orc knight but do no damage.
The orc knight looks even sicker.
The orc knight is severely wounded.
The orc knight hits you with a battleaxe!!
* * * LOW HITPOINT WARNING * * *
Things that are here:
a giant club; an ogre skeleton The orc warrior shouts!
You hit the orc knight but do no damage.
The orc knight looks as sick as possible!
The orc knight is almost dead.
The orc knight hits you with a battleaxe!
* * * LOW HITPOINT WARNING * * *
There is an open door here.
You hit the orc warrior but do no damage.
The orc warrior is poisoned.
The orc warrior closely misses you.
The orc knight hits you with a battleaxe!!
* * * LOW HITPOINT WARNING * * *
You hit the orc warrior but do no damage.
The orc closely misses you.
You hit the orc warrior.
The orc warrior looks as sick as possible!
The orc warrior is lightly wounded.
The orc warrior misses you. The orc barely misses you.
The orc knight hits you with a battleaxe!!
You die...

#..........####.......
#..........# #.......
########)### ####o###
##(# #oo# #[o# ##.##
###o## #... #.o.# ###.
#o### ######[
#######@###### #.(...)
#.......o....#####...o..
#............#(..'......
#............#)###......
#............#.# #.)....
#............'[# #...)..
#............### #######
##############


You could see an orc knight, 3 orc warriors and an orc.

Vanquished Creatures
  A hydra (D:8)
  2 two-headed ogres
  The ghost of arkorax the Grappler, a novice FoWn of Wu Jian (D:8)
  An unseen horror (D:10)
  A deep elf mage (D:8)
  Maurice (D:9)
  The ghost of Doomer the Skirmisher, an amateur MiAK of Lugonu (D:5)
  2 hornets
  A hippogriff (D:8)
  2 wraiths (Ossuary)
  8 yaks
  Grum (D:11)
  A steam dragon (D:9)
  Menkaure (D:5)
  An acid dragon (D:11)
  Edmund (D:6)
  Duvessa (D:7)
  3 porcupines (D:11)
  4 ice beasts
  2 sky beasts
  6 orc warriors
  2 black bears
  11 ogres
  3 phantoms
  A necrophage (D:8)
  3 wolves (D:11)
  9 centaurs
  4 bullfrogs
  2 big kobolds
  Dowan (D:7)
  3 scorpions
  4 killer bees
  7 wights
  2 howler monkeys
  12 crimson imps
  A centaur skeleton (D:8)
  A centaur zombie (D:7)
  3 hounds
  A gnoll shaman (D:5)
  A jelly (D:5)
  13 orc priests
  7 orc wizards
  2 bullfrog skeletons
  10 iguanas
  4 worker ants
  3 worker ant zombies
  15 gnolls
  A howler monkey skeleton (D:8)
  7 adders
  2 shadow imps
  2 oozes (D:1)
  7 adder zombies
  An adder skeleton (D:6)
  A dart slug (D:5)
  2 worms
  5 leopard geckos
  43 orcs
  2 ball pythons
  12 bats
  2 giant cockroaches
  10 goblins
  14 hobgoblins
  7 jackals
  5 quokkas
  A ball python skeleton (Ossuary)
  6 frilled lizards
  2 hobgoblin skeletons (Ossuary)
  A jackal zombie (D:7)
  19 kobolds
  3 kobold zombies (Ossuary)
  10 rats
332 creatures vanquished.

Vanquished Creatures (collateral kills)
  A gargoyle (D:10)
1 creature vanquished.

Vanquished Creatures (others)
  57 fungi (D:11)
  19 plants (D:11)
76 creatures vanquished.

Grand Total: 409 creatures vanquished

Notes
Turn   | Place    | Note
-------+----------+-------------------------------------------
     0 | D:1      | Amnesiac the Mummy Hunter began the quest for the Orb.
     0 | D:1      | Reached XP level 1. HP: 16/16 MP: 1/1
   128 | D:1      | Reached skill level 1 in Armour
   156 | D:1      | Reached XP level 2. HP: 17/22 MP: 2/2
   388 | D:1      | Reached XP level 3. HP: 27/27 MP: 3/3
  1015 | D:2      | Reached XP level 4. HP: 32/34 MP: 4/4
  1629 | D:3      | Found a radiant altar of Vehumet.
  1648 | D:3      | Found a blossoming altar of Fedhas.
  1804 | D:3      | Found an opulent altar of Gozag.
  1827 | D:3      | Reached skill level 4 in Bows
  1870 | D:3      | Reached XP level 5. HP: 22/39 MP: 5/5
  2323 | D:3      | Found a shimmering altar of Xom.
  2329 | D:3      | Noticed an ogre
  2352 | D:3      | Killed an ogre
  2355 | D:3      | Reached XP level 6. HP: 39/47 MP: 6/6
  2870 | D:4      | Found Kadegat's General Store.
  2888 | D:4      | Found Ujeich's Armour Boutique.
  2938 | D:4      | Noticed Gerstahl's ghost (novice GrMo)
  3118 | D:4      | Reached skill level 5 in Bows
  3118 | D:4      | Reached XP level 7. HP: 31/52 MP: 7/7
  3709 | D:4      | Found Kapecy's Antique Weapon Boutique.
  3997 | D:5      | Entered Level 5 of the Dungeon
  3997 | D:5      | Noticed Menkaure
  4004 | D:5      | Killed Menkaure
  4041 | D:5      | Found a stormy altar of Qazlal.
  4121 | D:5      | Reached XP level 8. HP: 60/61 MP: 8/8
  4135 | D:5      | Found a basalt altar of Yredelemnul.
  4154 | D:5      | Reached skill level 6 in Bows
  4162 | D:5      | Found a glowing golden altar of the Shining One.
  4164 | D:5      | Noticed an angel
  4499 | D:5      | Noticed Doomer's ghost (amateur MiAK)
  4518 | D:5      | Killed Doomer's ghost
  4518 | D:5      | Reached skill level 5 in Fighting
  5187 | D:5      | Reached skill level 7 in Bows
  5455 | D:6      | Reached XP level 9. HP: 53/68 MP: 9/9
  5561 | D:6      | Noticed a two-headed ogre
  5563 | D:6      | Found a staircase to the Ecumenical Temple.
  5801 | Temple   | Entered the Ecumenical Temple
  6031 | Temple   | Became a worshipper of Warmaster Okawaru
  6303 | D:6      | Noticed Edmund
  6318 | D:6      | Killed Edmund
  6849 | D:7      | Noticed Duvessa
  6850 | D:7      | Noticed Dowan
  6855 | D:7      | Found a sand-covered staircase.
  6873 | D:7      | Reached skill level 5 in Dodging
  6888 | D:7      | Killed Duvessa
  6888 | D:7      | Reached * piety under Okawaru
  6888 | D:7      | Reached skill level 5 in Armour
  6890 | Ossuary  | Entered an ossuary
  7460 | Ossuary  | Reached skill level 8 in Bows
  7460 | Ossuary  | Reached skill level 1 in Invocations
  7849 | D:7      | Killed Dowan
  8008 | D:7      | Reached ** piety under Okawaru
  8237 | D:7      | Reached XP level 10. HP: 23/77 MP: 11/11
  9074 | D:8      | Noticed arkorax's ghost (novice FoWn)
 10504 | D:8      | Killed arkorax's ghost
 10504 | D:8      | Reached *** piety under Okawaru
 10794 | D:8      | Got a crude war axe {chop}
 11073 | D:7      | Identified the +1 war axe "Ediu" {chop, MR+} (You took it off a crimson imp on level 8 of the Dungeon)
 11188 | D:8      | Noticed a deep elf mage
 11207 | D:8      | Reached skill level 9 in Bows
 11216 | D:8      | Noticed a two-headed ogre
 11265 | D:8      | Killed a two-headed ogre
 11288 | D:8      | Killed a deep elf mage
 11288 | D:8      | Reached **** piety under Okawaru
 11288 | D:8      | Received a gift from Okawaru
 11858 | D:9      | Reached XP level 11. HP: 72/84 MP: 13/13
 11954 | D:9      | Found a sacrificial altar of Ru.
 12215 | D:9      | Noticed Maurice
 12230 | D:9      | Killed Maurice
 12239 | D:9      | Got a pair of blackened gloves
 12257 | D:9      | Identified the cursed +0 pair of gloves "Don Barch" {rF+ Int+4} (You found it on level 9 of the Dungeon)
 12274 | D:9      | Noticed a four-headed hydra
 12419 | D:9      | HP: 3/85 [wight/scimitar of slicing (5)]
 12419 | D:9      | HP: 1/85 [wight/scimitar of slicing (2)]
 12771 | D:8      | Learned a level 1 spell: Confusing Touch
 12774 | D:8      | Learned a level 2 spell: Blink
 12778 | D:8      | Learned a level 3 spell: Confuse
 12782 | D:8      | Learned a level 3 spell: Conjure Flame
 13369 | D:8      | Killed a four-headed hydra
 13369 | D:8      | Reached skill level 1 in Spellcasting
 13950 | D:9      | Learned a level 3 spell: Mephitic Cloud
 13951 | D:10     | Entered Level 10 of the Dungeon
 14323 | D:10     | Killed an unseen horror
 15321 | D:10     | Reached ***** piety under Okawaru
 15326 | D:10     | You fall through a shaft!
 15426 | D:11     | Noticed a two-headed ogre
 15442 | D:11     | Killed a two-headed ogre
 15442 | D:11     | Reached skill level 10 in Bows
 15562 | D:11     | Found a staircase to the Lair.
 15608 | D:11     | Received a gift from Okawaru
 15940 | D:11     | Noticed Grum
 15966 | D:11     | Killed Grum
 16052 | D:11     | Noticed an orc knight
 16451 | D:11     | Demolished by an orc knight

Vault maps used:
D:1:      noname_arrival_rooms_in_the_neighbourhood
D:3:      nicolae_gozag_cash_rules_everything_around_me, vehumet_crystals,
          nicolae_overflow_hidden_temple, first_bread,
          hangedman_decor_peaks_small, fedhas_altar_3
D:4:      cheibrodos_pilgrimage, serial_shops, shop_fountains,
          nicolae_shop_waterfront, shop
D:5:      grunt_temple_overflow_holy_war, nicolae_overflow_crystal_walls,
          uniq_menkaure
D:6:      minmay_temple_entry_trees, uniq_edmund
D:7:      nicolae_ossuary_entry_plus, grunt_ministairs_11, uniq_duvessa
D:8:      minmay_the_grid_octo_triangle
D:9:      nicolae_ru_great_annihilating_truth, uniq_maurice
D:10:     uniq_nergalle
D:11:     due_lair_maze_entry_diamond, uniq_grum
Temple:   regret_index_temple_generic_petals
Ossuary:  ossuary_due_cavern

Skill      XL: |  1  2  3  4  5  6  7  8  9 10 11 |
---------------+----------------------------------+-----
Armour         | 1 2 3 4 5 6 |  6.9
Dodging        | 2 3 4 5 6 7 |  7.0
Bows           | 4 5 7 8 9 10 | 10.2
Fighting       | 3 4 5 6 7 8 |  8.3
Invocations    | 1 3 4 |  4.9
Spellcasting   | 3 |  3.5
Stealth        | |  0.7

Action                   |  1- 3 |  4- 6 |  7- 9 | 10-12 || total
-------------------------+-------+-------+-------+-------++-------
Melee: Dagger            |    49 |   186 |   560 |   474 ||  1269
       Falchion          |       |       |    22 |       ||    22
       Flail             |       |       |       |   361 ||   361
       Battleaxe         |       |       |       |    36 ||    36
       Unarmed           |       |       |       |     8 ||     8
 Fire: Shortbow          |    53 |       |    80 |    49 ||   182
       Hunting sling     |       |       |    18 |       ||    18
 Cast: Blink             |       |       |       |     6 ||     6
       Conjure Flame     |       |       |       |     2 ||     2
       Confusing Touch   |       |       |       |     2 ||     2
Evoke: Box of beasts     |       |       |       |     1 ||     1
  Use: Scroll            |       |     6 |     2 |     7 ||    15
 Stab: Distracted        |       |       |       |     1 ||     1
       Paralysed         |       |       |       |     1 ||     1
Armor: Leather armour    |    16 |    30 |       |       ||    46
       Ring mail         |       |    42 |   250 |   265 ||   557
       Steam dragon scal |       |       |       |   193 ||   193
Dodge: Dodged            |    31 |   115 |   408 |   820 ||  1374
Block: Buckler           |       |    17 |       |       ||    17
       Rpst.: Falchion   |       |       |     5 |       ||     5

Table legend:
 A = Spawn XP
 B = Non-spawn XP
 C = Spawn XP percentage of total XP
 D = Spawn monster count
 E = Non-spawn monster count
 F = Spawn count percentage of total count
 G = Total turns spent on level
                    A         B        C        D         E        F      G
               +---------+---------+-------+---------+---------+-------+---------
         Total |       0 |   19780 |   0.0 |       0 |     333 |   0.0 | 16451
               +---------+---------+-------+---------+---------+-------+---------
           D:1 |       0 |      55 |   0.0 |       0 |      27 |   0.0 |   739
           D:2 |       0 |      73 |   0.0 |       0 |      28 |   0.0 |   879
           D:3 |       0 |     253 |   0.0 |       0 |      34 |   0.0 |  1101
           D:4 |       0 |     796 |   0.0 |       0 |      18 |   0.0 |  1278
           D:5 |       0 |    1546 |   0.0 |       0 |      31 |   0.0 |  1385
           D:6 |       0 |    1092 |   0.0 |       0 |      19 |   0.0 |  1104
           D:7 |       0 |    1664 |   0.0 |       0 |      34 |   0.0 |  3141
           D:8 |       0 |    5672 |   0.0 |       0 |      38 |   0.0 |  2051
           D:9 |       0 |    2263 |   0.0 |       0 |      30 |   0.0 |  1640
          D:10 |       0 |    1996 |   0.0 |       0 |      17 |   0.0 |   982
          D:11 |       0 |    3820 |   0.0 |       0 |      43 |   0.0 |  1125
        Temple |       0 |       3 |   0.0 |       0 |       1 |   0.0 |   249
       Ossuary |       0 |     547 |   0.0 |       0 |      13 |   0.0 |   777
               +---------+---------+-------+---------+---------+-------+---------
